3022 views
Uploaded 2019-12-14 21:15:44
Game version 1.32.0.4
23:03 long 3on3 ladder game on (6)RuinsOfStratholme
Saved by BEARAND
3022 views
Uploaded 2019-12-14 21:15:44
Game version 1.32.0.4
23:03 long 3on3 ladder game on (6)RuinsOfStratholme


79 units @ 6.5k
/ 0.1k
263 buildings @ 17.9k
/ 10.1k


| Lesser Clarity Potion | 7 | 490 |
| Healing Salve | 6 | 600 |
| Orb of Lightning | 3 | 1125 |
| Tiny Great Hall | 1 | 600 |
| Potion of Healing | 1 | 150 |
| Potion of Mana | 1 | 200 |
| Staff of Teleportation | 2 | 300 |
| Boots of Speed | 1 | 250 |
| Staff of Sanctuary | 1 | 250 |
| total: | 23 | 3965g |
| Peon | 29 | 2175 | / | 0 |
| total: | 29 | 2175g | / | 0w |
| Watch Tower | 52 | 5720 | / | 4160 |
| Altar of Storms | 1 | 180 | / | 50 |
| Orc Burrow | 4 | 640 | / | 160 |
| War Mill | 3 | 615 | / | 0 |
| Voodoo Lounge | 9 | 1170 | / | 270 |
| Great Hall | 1 | 385 | / | 185 |
| Beastiary | 4 | 580 | / | 560 |
| Stronghold | 1 | 315 | / | 190 |
| Fortress | 1 | 325 | / | 190 |
| total: | 74 | 9290g | / | 5385w |
| 0:03 | Peon |
| 0:03 | Peon |
| 0:06 | Altar of Storms |
| 0:08 | Orc Burrow |
| 0:14 | Peon |
| 0:28 | Peon |
| 0:51 | War Mill |
| 1:02 | Voodoo Lounge |
| 1:09 | Peon |
| 1:25 | Peon |
| 1:26 | Peon |
| 1:37 | Peon |
| 1:55 | Peon |
| 1:58 | Orc Burrow |
| 2:04 | Wind Walk |
| 2:06 | Lesser Clarity Potion |
| 2:07 | Lesser Clarity Potion |
| 2:07 | Healing Salve |
| 2:07 | Healing Salve |
| 2:22 | Watch Tower |
| 2:25 | Watch Tower |
| 2:30 | Peon |
| 2:48 | Watch Tower |
| 3:03 | Lesser Clarity Potion |
| 3:04 | Healing Salve |
| 3:13 | Peon |
| 3:13 | Peon |
| 3:34 | Stronghold |
| 3:50 | Watch Tower |
| 4:04 | Critical Strike |
| 4:08 | Watch Tower |
| 4:09 | Watch Tower |
| 4:28 | Watch Tower |
| 4:31 | Watch Tower |
| 4:45 | Staff of Teleportation |
| 5:25 | Voodoo Lounge |
| 5:54 | Fortress |
| 5:56 | Reinforced Defenses |
| 6:02 | Voodoo Lounge |
| 6:17 | Voodoo Lounge |
| 6:46 | Voodoo Lounge |
| 6:50 | Beastiary |
| 6:51 | Beastiary |
| 7:31 | Great Hall |
| 8:00 | Wind Walk |
| 8:09 | Watch Tower |
| 8:10 | Watch Tower |
| 8:30 | Peon |
| 8:30 | Peon |
| 8:30 | Peon |
| 8:30 | Peon |
| 8:47 | Watch Tower |
| 8:56 | Watch Tower |
| 9:07 | Peon |
| 9:09 | Orc Burrow |
| 9:38 | Lesser Clarity Potion |
| 9:48 | Orb of Lightning |
| 10:00 | Watch Tower |
| 10:11 | Hex |
| 11:07 | Watch Tower |
| 11:08 | Watch Tower |
| 11:09 | Watch Tower |
| 11:09 | Watch Tower |
| 11:10 | Watch Tower |
| 11:11 | Watch Tower |
| 11:12 | Watch Tower |
| 11:13 | Watch Tower |
| 11:41 | Peon |
| 11:41 | Peon |
| 11:42 | Peon |
| 11:46 | Watch Tower |
| 11:47 | Watch Tower |
| 12:01 | Boots of Speed |
| 12:04 | Staff of Teleportation |
| 12:18 | Watch Tower |
| 12:19 | Watch Tower |
| 12:41 | Watch Tower |
| 12:52 | Healing Salve |
| 12:52 | Lesser Clarity Potion |
| 12:53 | Orb of Lightning |
| 13:32 | Critical Strike |
| 14:09 | Watch Tower |
| 14:10 | Watch Tower |
| 14:20 | Watch Tower |
| 14:20 | Watch Tower |
| 14:21 | Watch Tower |
| 14:22 | Watch Tower |
| 14:22 | Watch Tower |
| 14:48 | Watch Tower |
| 14:59 | Lesser Clarity Potion |
| 15:01 | Orb of Lightning |
| 15:26 | Watch Tower |
| 15:29 | Peon |
| 15:29 | Peon |
| 15:29 | Peon |
| 15:35 | Watch Tower |
| 15:58 | Voodoo Lounge |
| 16:15 | Healing Salve |
| 16:27 | Staff of Sanctuary |
| 16:31 | Watch Tower |
| 16:32 | Watch Tower |
| 16:33 | Watch Tower |
| 16:33 | Watch Tower |
| 16:34 | Watch Tower |
| 17:01 | Healing Wave |
| 17:14 | Voodoo Lounge |
| 17:18 | Peon |
| 17:20 | War Mill |
| 17:22 | Beastiary |
| 17:24 | Beastiary |
| 17:27 | Orc Burrow |
| 18:04 | War Mill |
| 18:07 | Tiny Great Hall |
| 18:36 | Peon |
| 18:36 | Peon |
| 18:36 | Peon |
| 18:37 | Peon |
| 18:37 | Peon |
| 18:39 | Watch Tower |
| 19:00 | Voodoo Lounge |
| 19:10 | Watch Tower |
| 19:30 | Watch Tower |
| 19:31 | Watch Tower |
| 19:32 | Watch Tower |
| 19:33 | Watch Tower |
| 20:09 | Lesser Clarity Potion |
| 20:09 | Healing Salve |
| 20:16 | Potion of Healing |
| 20:19 | Potion of Mana |
| 20:44 | Voodoo Lounge |
| 21:10 | Wind Walk |
| 21:22 | Watch Tower |
| 21:22 | Watch Tower |
| 21:23 | Watch Tower |
| 21:24 | Watch Tower |
| 21:24 | Watch Tower |
| Right click | 895 |
| Select group | 264 |
| Select | 245 |
| Build/train/purchase | 121 |
| Misc. action | 43 |
| Use ability | 43 |
| Assign group | 26 |
| Item give/drop | 12 |
| Esc | 4 |
| Minimap ping | 2 |
BEARAND
(23:00) : 


x1)
| Staff of Sanctuary | 3 | 750 |
| Boots of Speed | 3 | 750 |
| Staff of Teleportation | 4 | 600 |
| Periapt of Vitality | 2 | 650 |
| Tome of Retraining | 1 | 300 |
| Healing Salve | 1 | 100 |
| Orb of Lightning | 1 | 375 |
| total: | 15 | 3525g |
| Peasant | 17 | 1275 | / | 0 |
| Priest | 2 | 270 | / | 20 |
| Dragonhawk Rider | 3 | 600 | / | 90 |
| total: | 22 | 2145g | / | 110w |
| Scout Tower | 84 | 2520 | / | 1680 |
| Arcane Tower | 10 | 700 | / | 500 |
| Guard Tower | 27 | 1890 | / | 1350 |
| Altar of Kings | 1 | 180 | / | 50 |
| Farm | 5 | 400 | / | 100 |
| Lumber Mill | 1 | 120 | / | 0 |
| Town Hall | 1 | 385 | / | 205 |
| Arcane Vault | 3 | 390 | / | 90 |
| Blacksmith | 1 | 140 | / | 60 |
| Barracks | 1 | 160 | / | 60 |
| Arcane Sanctum | 1 | 150 | / | 140 |
| Gryphon Aviary | 1 | 140 | / | 150 |
| Keep | 2 | 640 | / | 420 |
| Castle | 1 | 360 | / | 210 |
| total: | 99 | 4585g | / | 2535w |
| 0:03 | Peasant |
| 0:03 | Peasant |
| 0:08 | Altar of Kings |
| 0:20 | Farm |
| 0:24 | Peasant |
| 0:30 | Peasant |
| 0:39 | Farm |
| 0:51 | Peasant |
| 0:56 | Scout Tower |
| 0:57 | Peasant |
| 1:05 | Lumber Mill |
| 1:16 | Peasant |
| 1:35 | Scout Tower |
| 1:36 | Arcane Tower |
| 1:47 | Peasant |
| 1:51 | Scout Tower |
| 1:55 | Peasant |
| 2:05 | Summon Water Elemental |
| 2:08 | Guard Tower |
| 2:09 | Scout Tower |
| 2:10 | Scout Tower |
| 2:11 | Peasant |
| 2:36 | Peasant |
| 2:36 | Peasant |
| 2:37 | Guard Tower |
| 2:43 | Scout Tower |
| 2:48 | Peasant |
| 2:48 | Peasant |
| 2:56 | Guard Tower |
| 3:18 | Scout Tower |
| 3:19 | Scout Tower |
| 3:20 | Peasant |
| 3:34 | Guard Tower |
| 3:43 | Brilliance Aura |
| 3:52 | Keep |
| 3:58 | Farm |
| 4:00 | Farm |
| 4:07 | Boots of Speed |
| 4:07 | Staff of Teleportation |
| 4:23 | Staff of Teleportation |
| 4:29 | Guard Tower |
| 4:31 | Scout Tower |
| 4:39 | Healing Salve |
| 4:52 | Guard Tower |
| 4:59 | Improved Masonry |
| 5:30 | Guard Tower |
| 5:31 | Scout Tower |
| 5:32 | Scout Tower |
| 6:20 | Advanced Masonry |
| 6:20 | Improved Lumber Harvesting |
| 6:47 | Scout Tower |
| 6:49 | Scout Tower |
| 6:49 | Scout Tower |
| 6:50 | Scout Tower |
| 6:51 | Scout Tower |
| 7:00 | Scout Tower |
| 7:04 | Castle |
| 7:16 | Storm Bolt |
| 7:18 | Arcane Tower |
| 7:19 | Guard Tower |
| 7:22 | Scout Tower |
| 7:23 | Scout Tower |
| 7:23 | Scout Tower |
| 7:23 | Scout Tower |
| 7:49 | Guard Tower |
| 7:51 | Guard Tower |
| 8:01 | Scout Tower |
| 8:03 | Scout Tower |
| 8:03 | Scout Tower |
| 8:04 | Scout Tower |
| 8:04 | Scout Tower |
| 8:16 | Summon Water Elemental |
| 8:44 | Guard Tower |
| 9:38 | Guard Tower |
| 9:41 | Town Hall |
| 9:43 | Scout Tower |
| 9:44 | Scout Tower |
| 9:45 | Scout Tower |
| 9:45 | Scout Tower |
| 9:47 | Scout Tower |
| 9:48 | Scout Tower |
| 9:48 | Scout Tower |
| 9:49 | Scout Tower |
| 11:05 | Arcane Sanctum |
| 11:24 | Imbued Masonry |
| 12:00 | Holy Light |
| 12:11 | Arcane Vault |
| 12:12 | Peasant |
| 12:17 | Bash |
| 12:21 | Boots of Speed |
| 12:26 | Arcane Vault |
| 12:33 | Scout Tower |
| 12:34 | Scout Tower |
| 12:35 | Scout Tower |
| 12:35 | Scout Tower |
| 12:36 | Scout Tower |
| 12:36 | Scout Tower |
| 13:27 | Scout Tower |
| 13:27 | Scout Tower |
| 13:28 | Scout Tower |
| 13:28 | Scout Tower |
| 13:29 | Scout Tower |
| 13:46 | Guard Tower |
| 14:20 | Scout Tower |
| 14:21 | Scout Tower |
| 14:21 | Scout Tower |
| 14:21 | Scout Tower |
| 14:22 | Scout Tower |
| 14:23 | Scout Tower |
| 14:23 | Scout Tower |
| 14:24 | Scout Tower |
| 14:24 | Scout Tower |
| 14:24 | Scout Tower |
| 14:38 | Staff of Sanctuary |
| 14:46 | Staff of Sanctuary |
| 14:52 | Guard Tower |
| 15:00 | Staff of Teleportation |
| 15:00 | Boots of Speed |
| 15:01 | Periapt of Vitality |
| 15:25 | Guard Tower |
| 15:27 | Scout Tower |
| 15:28 | Scout Tower |
| 15:28 | Scout Tower |
| 15:29 | Scout Tower |
| 15:31 | Scout Tower |
| 15:31 | Scout Tower |
| 15:32 | Scout Tower |
| 15:37 | Advanced Lumber Harvesting |
| 15:54 | Priest |
| 15:55 | Magic Sentry |
| 15:58 | Scout Tower |
| 15:59 | Scout Tower |
| 16:10 | Guard Tower |
| 16:13 | Scout Tower |
| 16:30 | Guard Tower |
| 16:39 | Peasant |
| 16:44 | Gryphon Aviary |
| 16:44 | Blacksmith |
| 16:47 | Barracks |
| 16:57 | Divine Shield |
| 17:02 | Tome of Retraining |
| 17:02 | Retrain Hero |
| 17:04 | Blizzard |
| 17:04 | Brilliance Aura |
| 17:04 | Blizzard |
| 17:12 | Guard Tower |
| 17:13 | Guard Tower |
| 17:18 | Farm |
| 17:24 | Staff of Sanctuary |
| 17:27 | Orb of Lightning |
| 17:49 | Guard Tower |
| 17:50 | Guard Tower |
| 17:52 | Scout Tower |
| 17:53 | Scout Tower |
| 17:54 | Scout Tower |
| 17:54 | Scout Tower |
| 17:55 | Scout Tower |
| 17:55 | Scout Tower |
| 17:56 | Scout Tower |
| 18:07 | Staff of Teleportation |
| 18:27 | Priest |
| 18:31 | Arcane Vault |
| 18:33 | Scout Tower |
| 18:33 | Scout Tower |
| 18:38 | Periapt of Vitality |
| 18:53 | Arcane Tower |
| 19:19 | Scout Tower |
| 19:20 | Scout Tower |
| 19:21 | Scout Tower |
| 19:21 | Scout Tower |
| 19:21 | Arcane Tower |
| 19:33 | Arcane Tower |
| 19:33 | Guard Tower |
| 19:42 | Guard Tower |
| 20:41 | Animal War Training |
| 20:43 | Dragonhawk Rider |
| 20:44 | Dragonhawk Rider |
| 20:44 | Dragonhawk Rider |
| 20:46 | Scout Tower |
| 20:47 | Scout Tower |
| 20:48 | Priest Adept Training |
| 21:06 | Arcane Tower |
| 21:06 | Arcane Tower |
| 21:10 | Guard Tower |
| 21:17 | Scout Tower |
| 21:18 | Scout Tower |
| 21:19 | Scout Tower |
| 21:19 | Scout Tower |
| 21:29 | Arcane Tower |
| 21:30 | Arcane Tower |
| Right click | 1493 |
| Select | 599 |
| Select group | 242 |
| Build/train/purchase | 183 |
| Chat | 66 |
| Use ability | 47 |
| Assign group | 36 |
| Misc. action | 18 |
| Minimap ping | 7 |
| Resource trade | 6 |
| Item give/drop | 4 |



| Staff of Sanctuary | 3 | 750 |
| Staff of Teleportation | 3 | 450 |
| Boots of Speed | 2 | 500 |
| Periapt of Vitality | 1 | 325 |
| Healing Salve | 2 | 200 |
| Orb of Lightning | 2 | 750 |
| total: | 13 | 2975g |
| Peasant | 27 | 2025 | / | 0 |
| Priest | 1 | 135 | / | 10 |
| total: | 28 | 2160g | / | 10w |
| Scout Tower | 78 | 2340 | / | 1560 |
| Arcane Tower | 1 | 70 | / | 50 |
| Guard Tower | 51 | 3570 | / | 2550 |
| Altar of Kings | 1 | 180 | / | 50 |
| Farm | 4 | 320 | / | 80 |
| Lumber Mill | 1 | 120 | / | 0 |
| Town Hall | 1 | 385 | / | 205 |
| Arcane Vault | 4 | 520 | / | 120 |
| Arcane Sanctum | 1 | 150 | / | 140 |
| Keep | 1 | 320 | / | 210 |
| Castle | 1 | 360 | / | 210 |
| total: | 90 | 4015g | / | 2155w |
| 0:02 | Peasant |
| 0:05 | Altar of Kings |
| 0:07 | Peasant |
| 0:13 | Peasant |
| 0:32 | Peasant |
| 0:33 | Farm |
| 0:49 | Peasant |
| 1:01 | Peasant |
| 1:04 | Lumber Mill |
| 1:13 | Farm |
| 1:16 | Peasant |
| 1:42 | Peasant |
| 1:55 | Scout Tower |
| 1:57 | Scout Tower |
| 1:59 | Peasant |
| 2:08 | Blizzard |
| 2:11 | Peasant |
| 2:25 | Peasant |
| 2:27 | Arcane Tower |
| 3:16 | Scout Tower |
| 3:25 | Guard Tower |
| 3:26 | Peasant |
| 3:27 | Peasant |
| 3:46 | Guard Tower |
| 3:52 | Brilliance Aura |
| 3:55 | Scout Tower |
| 4:00 | Town Hall |
| 4:01 | Peasant |
| 4:12 | Scout Tower |
| 4:13 | Scout Tower |
| 4:14 | Scout Tower |
| 4:15 | Peasant |
| 4:21 | Scout Tower |
| 4:27 | Guard Tower |
| 4:31 | Scout Tower |
| 4:31 | Scout Tower |
| 4:40 | Scout Tower |
| 4:41 | Scout Tower |
| 4:44 | Peasant |
| 4:52 | Healing Salve |
| 4:58 | Farm |
| 4:59 | Improved Masonry |
| 5:00 | Keep |
| 5:02 | Guard Tower |
| 5:05 | Scout Tower |
| 5:06 | Scout Tower |
| 5:33 | Guard Tower |
| 5:34 | Guard Tower |
| 5:39 | Guard Tower |
| 5:47 | Guard Tower |
| 5:55 | Guard Tower |
| 6:10 | Guard Tower |
| 6:11 | Guard Tower |
| 6:24 | Scout Tower |
| 6:25 | Scout Tower |
| 6:48 | Peasant |
| 6:48 | Peasant |
| 6:49 | Guard Tower |
| 6:51 | Scout Tower |
| 6:52 | Scout Tower |
| 7:07 | Staff of Teleportation |
| 7:12 | Guard Tower |
| 7:14 | Scout Tower |
| 7:15 | Scout Tower |
| 7:22 | Blizzard |
| 8:07 | Castle |
| 8:13 | Guard Tower |
| 8:16 | Peasant |
| 8:16 | Peasant |
| 8:19 | Guard Tower |
| 8:33 | Guard Tower |
| 9:06 | Storm Bolt |
| 9:34 | Scout Tower |
| 9:36 | Scout Tower |
| 9:36 | Scout Tower |
| 9:37 | Scout Tower |
| 9:37 | Scout Tower |
| 9:45 | Boots of Speed |
| 9:47 | Staff of Teleportation |
| 10:40 | Scout Tower |
| 10:41 | Scout Tower |
| 10:41 | Scout Tower |
| 10:42 | Scout Tower |
| 10:42 | Scout Tower |
| 10:43 | Scout Tower |
| 10:46 | Guard Tower |
| 10:47 | Peasant |
| 10:48 | Peasant |
| 11:18 | Healing Salve |
| 11:27 | Arcane Vault |
| 11:28 | Arcane Vault |
| 11:29 | Arcane Vault |
| 11:30 | Arcane Vault |
| 11:34 | Orb of Lightning |
| 11:40 | Guard Tower |
| 11:43 | Peasant |
| 11:50 | Scout Tower |
| 11:51 | Scout Tower |
| 11:52 | Scout Tower |
| 11:52 | Scout Tower |
| 11:53 | Scout Tower |
| 12:06 | Guard Tower |
| 12:08 | Scout Tower |
| 12:08 | Scout Tower |
| 12:09 | Scout Tower |
| 12:09 | Scout Tower |
| 12:10 | Scout Tower |
| 12:11 | Scout Tower |
| 12:11 | Scout Tower |
| 12:12 | Scout Tower |
| 12:22 | Holy Light |
| 12:23 | Guard Tower |
| 12:25 | Scout Tower |
| 12:25 | Scout Tower |
| 12:26 | Scout Tower |
| 12:27 | Scout Tower |
| 12:27 | Scout Tower |
| 12:28 | Scout Tower |
| 12:29 | Scout Tower |
| 12:30 | Peasant |
| 12:30 | Peasant |
| 12:38 | Farm |
| 12:50 | Staff of Sanctuary |
| 12:54 | Staff of Sanctuary |
| 14:27 | Guard Tower |
| 14:31 | Advanced Masonry |
| 14:31 | Imbued Masonry |
| 14:34 | Guard Tower |
| 14:49 | Staff of Teleportation |
| 14:49 | Boots of Speed |
| 14:52 | Periapt of Vitality |
| 15:16 | Scout Tower |
| 15:17 | Scout Tower |
| 15:17 | Scout Tower |
| 15:17 | Scout Tower |
| 15:24 | Bash |
| 15:28 | Guard Tower |
| 15:42 | Peasant |
| 15:42 | Peasant |
| 15:52 | Divine Shield |
| 15:55 | Brilliance Aura |
| 16:07 | Guard Tower |
| 16:15 | Guard Tower |
| 16:17 | Scout Tower |
| 16:17 | Scout Tower |
| 16:18 | Scout Tower |
| 16:18 | Scout Tower |
| 16:23 | Scout Tower |
| 17:16 | Staff of Sanctuary |
| 17:28 | Arcane Sanctum |
| 17:48 | Orb of Lightning |
| 17:52 | Guard Tower |
| 17:53 | Scout Tower |
| 17:53 | Scout Tower |
| 17:54 | Scout Tower |
| 17:54 | Scout Tower |
| 18:00 | Guard Tower |
| 18:02 | Scout Tower |
| 18:02 | Scout Tower |
| 18:03 | Scout Tower |
| 18:03 | Scout Tower |
| 18:06 | Scout Tower |
| 18:06 | Scout Tower |
| 18:07 | Scout Tower |
| 18:07 | Scout Tower |
| 18:48 | Guard Tower |
| 18:50 | Scout Tower |
| 19:07 | Guard Tower |
| 19:12 | Scout Tower |
| 19:13 | Scout Tower |
| 19:13 | Scout Tower |
| 19:34 | Guard Tower |
| 19:43 | Magic Sentry |
| 19:46 | Priest |
| 19:49 | Improved Lumber Harvesting |
| 19:55 | Guard Tower |
| 20:54 | Scout Tower |
| 20:54 | Scout Tower |
| 20:55 | Guard Tower |
| Right click | 1328 |
| Select | 763 |
| Select group | 264 |
| Build/train/purchase | 129 |
| Assign group | 88 |
| Use ability | 68 |
| Chat | 30 |
| Minimap ping | 18 |
| Item give/drop | 7 |
| Remove unit | 1 |
196 units @ 25.2k
/ 3.7k
57 buildings @ 8.2k
/ 3.6k

| Wisp | 34 | 2040 | / | 0 |
| Archer | 27 | 3510 | / | 270 |
| Huntress | 4 | 780 | / | 80 |
| Hippogryph | 10 | 1600 | / | 200 |
| Glaive Thrower | 3 | 630 | / | 195 |
| Rogue | 1 | 150 | / | 0 |
| total: | 79 | 8710g | / | 745w |
| Moon Well | 7 | 1260 | / | 280 |
| Altar of Elders | 1 | 180 | / | 50 |
| Ancient of War | 3 | 450 | / | 180 |
| Hunter's Hall | 1 | 210 | / | 100 |
| Tree of Life | 1 | 340 | / | 185 |
| Ancient of Wind | 1 | 150 | / | 140 |
| Tree of Ages | 1 | 320 | / | 180 |
| Tree of Eternity | 1 | 330 | / | 200 |
| total: | 14 | 2590g | / | 935w |
| 0:15 | Moon Well |
| 0:18 | Wisp |
| 0:18 | Wisp |
| 0:22 | Altar of Elders |
| 0:29 | Wisp |
| 0:49 | Wisp |
| 0:50 | Wisp |
| 1:07 | Ancient of War |
| 1:16 | Wisp |
| 1:42 | Moon Well |
| 1:45 | Wisp |
| 1:46 | Wisp |
| 1:59 | Wisp |
| 2:13 | Archer |
| 2:19 | Wisp |
| 2:26 | Moon Well |
| 2:35 | Trueshot Aura |
| 2:36 | Archer |
| 2:48 | Hunter's Hall |
| 2:59 | Archer |
| 3:16 | Ancient of War |
| 3:33 | Archer |
| 3:44 | Archer |
| 3:52 | Strength of the Moon |
| 4:08 | Archer |
| 4:27 | Moon Well |
| 4:41 | Huntress |
| 4:41 | Huntress |
| 5:17 | Searing Arrows |
| 5:26 | Archer |
| 5:27 | Archer |
| 5:34 | Moon Well |
| 5:46 | Moon Armor |
| 5:53 | Archer |
| 6:02 | Archer |
| 6:02 | Archer |
| 6:34 | Tree of Ages |
| 6:47 | Trueshot Aura |
| 6:51 | Archer |
| 6:56 | Archer |
| 7:20 | Archer |
| 7:50 | Tree of Life |
| 8:10 | Rogue |
| 8:56 | Improved Bows |
| 8:57 | Improved Strength of the Moon |
| 9:14 | Archer |
| 9:20 | Tree of Eternity |
| 9:37 | Moon Well |
| 9:42 | Archer |
| 9:52 | Wisp |
| 9:52 | Wisp |
| 9:53 | Wisp |
| 10:29 | Improved Moon Armor |
| 10:41 | Ancient of Wind |
| 10:49 | Wisp |
| 10:49 | Wisp |
| 10:49 | Wisp |
| 10:55 | Wisp |
| 11:08 | Archer |
| 11:13 | Archer |
| 11:20 | Archer |
| 11:41 | Wisp |
| 11:41 | Wisp |
| 11:41 | Wisp |
| 11:42 | Wisp |
| 11:42 | Wisp |
| 12:01 | Searing Arrows |
| 12:26 | Marksmanship |
| 12:38 | Hippogryph |
| 12:43 | Hippogryph |
| 12:46 | Wisp |
| 12:49 | Wisp |
| 12:50 | Wisp |
| 12:50 | Wisp |
| 12:55 | Hippogryph |
| 13:04 | Archer |
| 13:19 | Wisp |
| 13:30 | Advanced Strength of the Moon |
| 13:59 | Hippogryph |
| 14:11 | Advanced Moon Armor |
| 14:42 | Hippogryph |
| 14:48 | Archer |
| 14:48 | Archer |
| 16:28 | Ultravision |
| 17:05 | Wisp |
| 17:05 | Wisp |
| 17:05 | Wisp |
| 17:06 | Wisp |
| 17:12 | Hippogryph |
| 17:16 | Glaive Thrower |
| 17:17 | Glaive Thrower |
| 17:22 | Moon Well |
| 18:13 | Vorpal Blades |
| 19:20 | Glaive Thrower |
| 19:32 | Well Spring |
| 19:37 | Wisp |
| 19:37 | Wisp |
| 19:37 | Wisp |
| 20:45 | Archer |
| 20:45 | Archer |
| 20:45 | Archer |
| 20:51 | Ancient of War |
| 22:40 | Huntress |
| 22:40 | Huntress |
| 22:41 | Archer |
| 22:42 | Archer |
| 22:45 | Hippogryph |
| 22:45 | Hippogryph |
| 22:46 | Hippogryph |
| 22:47 | Hippogryph |
| Right click | 668 |
| Select | 344 |
| Build/train/purchase | 103 |
| Select group | 14 |
| Misc. action | 5 |
| Assign group | 3 |
| Use ability | 2 |
| Remove unit | 1 |


| Scroll of Regeneration | 3 | 300 |
| Lesser Clarity Potion | 1 | 70 |
| total: | 4 | 370g |
| Peasant | 24 | 1800 | / | 0 |
| Footman | 10 | 1350 | / | 0 |
| Priest | 9 | 1215 | / | 90 |
| Knight | 6 | 1470 | / | 360 |
| Spell Breaker | 3 | 645 | / | 90 |
| Siege Engine | 6 | 1170 | / | 360 |
| total: | 58 | 7650g | / | 900w |
| Scout Tower | 7 | 210 | / | 140 |
| Arcane Tower | 2 | 140 | / | 100 |
| Guard Tower | 5 | 350 | / | 250 |
| Farm | 9 | 720 | / | 180 |
| Altar of Kings | 1 | 180 | / | 50 |
| Barracks | 1 | 160 | / | 60 |
| Arcane Vault | 1 | 130 | / | 30 |
| Lumber Mill | 1 | 120 | / | 0 |
| Blacksmith | 1 | 140 | / | 60 |
| Town Hall | 2 | 770 | / | 410 |
| Arcane Sanctum | 1 | 150 | / | 140 |
| Workshop | 2 | 280 | / | 280 |
| Keep | 1 | 320 | / | 210 |
| Castle | 1 | 360 | / | 210 |
| total: | 26 | 2860g | / | 1350w |
| 0:05 | Peasant |
| 0:05 | Peasant |
| 0:05 | Peasant |
| 0:05 | Peasant |
| 0:24 | Farm |
| 0:27 | Altar of Kings |
| 0:35 | Peasant |
| 0:35 | Peasant |
| 0:59 | Barracks |
| 1:08 | Farm |
| 1:18 | Peasant |
| 1:18 | Peasant |
| 1:18 | Peasant |
| 1:40 | Scout Tower |
| 1:54 | Arcane Vault |
| 2:00 | Farm |
| 2:03 | Peasant |
| 2:34 | Lumber Mill |
| 2:37 | Summon Water Elemental |
| 2:48 | Farm |
| 2:56 | Footman |
| 2:56 | Footman |
| 2:57 | Footman |
| 3:02 | Arcane Tower |
| 3:08 | Farm |
| 3:47 | Keep |
| 3:48 | Footman |
| 3:48 | Footman |
| 4:15 | Footman |
| 4:16 | Defend |
| 4:22 | Scout Tower |
| 4:40 | Scroll of Regeneration |
| 4:45 | Footman |
| 4:54 | Farm |
| 5:03 | Blacksmith |
| 5:34 | Guard Tower |
| 5:42 | Brilliance Aura |
| 5:54 | Scroll of Regeneration |
| 5:55 | Lesser Clarity Potion |
| 6:02 | Footman |
| 6:14 | Farm |
| 6:22 | Iron Plating |
| 6:30 | Arcane Sanctum |
| 7:11 | Castle |
| 8:08 | Footman |
| 8:14 | Priest |
| 8:14 | Priest |
| 8:15 | Priest |
| 8:15 | Priest Adept Training |
| 8:18 | Steel Plating |
| 8:25 | Summon Water Elemental |
| 8:46 | Town Hall |
| 9:23 | Scroll of Regeneration |
| 9:33 | Knight |
| 9:54 | Knight |
| 9:55 | Animal War Training |
| 10:06 | Storm Bolt |
| 10:54 | Knight |
| 11:22 | Peasant |
| 11:24 | Priest |
| 11:24 | Priest |
| 11:25 | Priest Master Training |
| 11:47 | Farm |
| 11:51 | Farm |
| 12:15 | Peasant |
| 13:46 | Footman |
| 13:47 | Knight |
| 13:47 | Knight |
| 13:47 | Knight |
| 14:22 | Priest |
| 14:22 | Priest |
| 14:35 | Town Hall |
| 14:54 | Iron Forged Swords |
| 15:23 | Scout Tower |
| 16:08 | Control Magic |
| 16:09 | Spell Breaker |
| 16:09 | Spell Breaker |
| 16:09 | Spell Breaker |
| 16:25 | Steel Forged Swords |
| 17:15 | Workshop |
| 17:24 | Arcane Tower |
| 17:29 | Scout Tower |
| 17:34 | Scout Tower |
| 18:24 | Guard Tower |
| 18:26 | Guard Tower |
| 18:29 | Scout Tower |
| 18:33 | Peasant |
| 18:33 | Peasant |
| 18:33 | Peasant |
| 18:55 | Barrage |
| 18:55 | Siege Engine |
| 18:56 | Siege Engine |
| 18:56 | Siege Engine |
| 19:06 | Guard Tower |
| 19:25 | Workshop |
| 19:30 | Sundering Blades |
| 19:37 | Priest |
| 19:37 | Priest |
| 19:43 | Peasant |
| 19:43 | Peasant |
| 19:43 | Peasant |
| 19:53 | Peasant |
| 19:53 | Peasant |
| 20:02 | Peasant |
| 20:02 | Peasant |
| 20:02 | Peasant |
| 20:22 | Peasant |
| 20:25 | Scout Tower |
| 20:36 | Siege Engine |
| 20:37 | Siege Engine |
| 21:11 | Siege Engine |
| 21:23 | Guard Tower |
| Select group | 611 |
| Right click | 600 |
| Select | 450 |
| Build/train/purchase | 129 |
| Misc. action | 97 |
| Assign group | 42 |
| Use ability | 8 |
| Minimap ping | 4 |
| Remove unit | 3 |

| Orb of Venom | 1 | 325 |
| total: | 1 | 325g |
| Wisp | 23 | 1380 | / | 0 |
| Archer | 5 | 650 | / | 50 |
| Huntress | 2 | 390 | / | 40 |
| Dryad | 9 | 1305 | / | 540 |
| Druid of the Claw | 8 | 2040 | / | 640 |
| Glaive Thrower | 7 | 1470 | / | 455 |
| Chimaera | 5 | 1650 | / | 350 |
| total: | 59 | 8885g | / | 2075w |
| Ancient Protector | 2 | 270 | / | 160 |
| Altar of Elders | 1 | 180 | / | 50 |
| Moon Well | 7 | 1260 | / | 280 |
| Ancient of War | 1 | 150 | / | 60 |
| Hunter's Hall | 1 | 210 | / | 100 |
| Ancient of Wonders | 1 | 90 | / | 30 |
| Ancient of Lore | 2 | 310 | / | 290 |
| Chimaera Roost | 2 | 280 | / | 380 |
| Tree of Ages | 1 | 320 | / | 180 |
| Tree of Eternity | 1 | 330 | / | 200 |
| total: | 17 | 2750g | / | 1350w |
| 0:06 | Wisp |
| 0:06 | Wisp |
| 0:06 | Wisp |
| 0:19 | Altar of Elders |
| 0:24 | Moon Well |
| 0:34 | Wisp |
| 0:48 | Ancient of War |
| 0:54 | Wisp |
| 0:55 | Wisp |
| 0:55 | Wisp |
| 1:31 | Wisp |
| 1:51 | Wisp |
| 1:56 | Archer |
| 1:56 | Archer |
| 2:01 | Moon Well |
| 2:29 | Hunter's Hall |
| 2:37 | Trueshot Aura |
| 3:22 | Tree of Ages |
| 3:29 | Moon Well |
| 3:55 | Strength of the Wild |
| 4:02 | Archer |
| 4:02 | Archer |
| 4:31 | Archer |
| 4:36 | Moon Well |
| 4:47 | Huntress |
| 5:44 | Huntress |
| 5:50 | Ancient of Lore |
| 5:54 | Wisp |
| 6:22 | Improved Strength of the Wild |
| 6:22 | Reinforced Hides |
| 6:58 | Ancient of Lore |
| 7:00 | Wisp |
| 7:06 | Dryad |
| 7:06 | Dryad |
| 7:06 | Dryad |
| 7:07 | Dryad |
| 7:28 | Searing Arrows |
| 8:08 | Dryad |
| 8:11 | Druid of the Claw |
| 8:12 | Druid of the Claw |
| 8:13 | Druid of the Claw Adept Training |
| 8:40 | Wisp |
| 8:40 | Wisp |
| 8:43 | Wisp |
| 9:02 | Dryad |
| 9:02 | Dryad |
| 9:49 | Improved Reinforced Hides |
| 9:51 | Tree of Eternity |
| 9:58 | Moon Well |
| 10:51 | Trueshot Aura |
| 11:26 | Druid of the Claw |
| 11:26 | Druid of the Claw |
| 11:58 | Ancient Protector |
| 13:41 | Abolish Magic |
| 13:41 | Druid of the Claw Master Training |
| 13:44 | Druid of the Claw |
| 13:44 | Druid of the Claw |
| 13:47 | Dryad |
| 13:47 | Dryad |
| 14:23 | Ancient Protector |
| 14:24 | Wisp |
| 14:24 | Wisp |
| 14:26 | Advanced Strength of the Wild |
| 14:27 | Advanced Reinforced Hides |
| 15:25 | Druid of the Claw |
| 15:25 | Druid of the Claw |
| 16:07 | Glaive Thrower |
| 16:08 | Glaive Thrower |
| 16:08 | Glaive Thrower |
| 16:10 | Vorpal Blades |
| 16:16 | Glaive Thrower |
| 16:16 | Glaive Thrower |
| 17:04 | Ancient of Wonders |
| 17:07 | Wisp |
| 17:15 | Well Spring |
| 17:25 | Chimaera Roost |
| 17:28 | Chimaera Roost |
| 17:30 | Wisp |
| 17:30 | Wisp |
| 18:12 | Orb of Venom |
| 18:35 | Glaive Thrower |
| 19:03 | Wisp |
| 19:03 | Wisp |
| 19:17 | Glaive Thrower |
| 19:33 | Wisp |
| 19:33 | Wisp |
| 19:50 | Corrosive Breath |
| 19:51 | Chimaera |
| 19:51 | Chimaera |
| 20:39 | Moon Well |
| 20:43 | Moon Well |
| 22:06 | Chimaera |
| 22:07 | Chimaera |
| 22:07 | Chimaera |
| Right click | 794 |
| Select | 263 |
| Build/train/purchase | 96 |
| Misc. action | 27 |
| Remove unit | 16 |
| Use ability | 9 |
| Minimap ping | 8 |
⇛